 Dungeon Crawl Stone Soup version 0.20.1-1-g8b1a95d (webtiles) character file.

119 vomix the Chopper (level 4, -6/39 HPs)
             Began as a Minotaur Berserker on Aug 10, 2017.
             Was a Believer of Trog.
             Mangled by an iguana (8 damage)
             ... on level 4 of the Dungeon.
             The game lasted 00:03:17 (1893 turns).

vomix the Chopper (Minotaur Berserker)              Turns: 1893, Time: 00:03:18

Health: -6/39      AC:  5    Str: 26    XL:     4   Next: 74%
Magic:  3/3        EV: 12    Int:  4    God:    Trog [**....]
Gold:   142        SH:  0    Dex: 15    Spells: 3/3 levels left

rFire    + . .     SeeInvis .   a - +0 hand axe
rCold    . . .     Gourm    .   (no shield)
rNeg     . . .     Faith    .   k - +0 ring mail
rPois    .         Spirit   .   (helmet restricted)
rElec    .         Reflect  .   (no cloak)
rCorr    .         Harm     .   (no gloves)
MR       .....                  (no boots)
Stlth    +.........             (no amulet)
Regen    0.2/turn               i - +4 ring of dexterity
MPRegen  0.1/turn               t - ring of protection from fire

@: mighty
A: retaliatory headbutt, horns 2
a: Berserk, Trog's Hand, Burn Spellbooks, Renounce Religion


You were on level 4 of the Dungeon.
You worshipped Trog.
Trog was pleased with you.
You were not hungry.

You visited 1 branch of the dungeon, and saw 4 of its levels.

You collected 142 gold pieces.

Inventory:

Hand Weapons
 a - a +0 hand axe (weapon)
Armour
 k - a +0 ring mail (worn)
Jewellery
 i - a +4 ring of dexterity (left hand)
 t - a ring of protection from fire (right hand)
Scrolls
 d - 2 scrolls of noise {unknown}
 f - a scroll of teleportation
 g - a scroll of fear
 m - a scroll of magic mapping {unknown}
 n - a scroll of fog
 p - a scroll of recharging {unknown}
 q - a scroll of enchant weapon {unknown}
 r - 2 scrolls of blinking
Potions
 e - 2 potions of mutation
 h - a potion of lignification {unknown}
 l - a potion of curing {unknown}
 s - a potion of cancellation
Comestibles
 c - 3 bread rations
 j - 4 royal jellies


   Skills:
 - Level 3.6 Fighting
 + Level 6.7 Axes
 - Level 2.4 Armour
 - Level 2.1 Dodging


You had 3 spell levels left.
You didn't know any spells.

Dungeon Overview and Level Annotations

Branches:
Dungeon (4/15)
 Temple: D:4-7

Altars:
Ashenzari
Fedhas
Gozag
Zin


Innate Abilities, Weirdness & Mutations

You reflexively headbutt those who attack you in melee.
You have a pair of horns on your head.


Message History

The iguana is heavily wounded.
The iguana bites you!
You are too injured to fight recklessly!
You are too injured to fight recklessly!
You are too injured to fight recklessly!
You are too injured to fight recklessly!
You hit the iguana. You headbutt the iguana.
The iguana is almost dead.
The iguana bites you!
* * * LOW HITPOINT WARNING * * *
The hound bites you.
* * * LOW HITPOINT WARNING * * *
It was a potion of cancellation.
You feel magically purged. The hound misses you. You furiously retaliate!
You headbutt the hound, but do no damage.
The iguana bites you.
* * * LOW HITPOINT WARNING * * *
You feel very mighty all of a sudden. The hound completely misses you.
The iguana bites you!
You die...

.... ...≈≈≈ .... ..... . ...
....#.. .. .#.....
.##....... #.........
#..l...... #.##. #.@h......
#.... #.########
####..#########.........
..<......##.....#...#...
............###.........
..........### #.#...#...
...#.......## #.........
.<..........# #.############
............###.##.#........


You could see an iguana and a hound.

Vanquished Creatures
  A hound (D:4)
  A howler monkey skeleton (D:4)
  A worm (D:3)
  6 dart slugs
  A leopard gecko (D:2)
  4 orcs (D:3)
  4 giant cockroaches
  5 goblins
  8 hobgoblins
  7 jackals (D:1)
  A quokka (D:3)
  2 ball pythons
  3 bats
  4 frilled lizards
  3 kobolds
  8 rats
59 creatures vanquished.

Notes
Turn   | Place    | Note
-------+----------+-------------------------------------------
     0 | D:1      | vomix the Minotaur Berserker began the quest for the Orb.
     0 | D:1      | Reached XP level 1. HP: 19/19 MP: 0/0
    87 | D:1      | Reached skill level 4 in Axes
   176 | D:1      | Reached XP level 2. HP: 22/26 MP: 1/1
   289 | D:1      | Reached skill level 5 in Axes
   398 | D:1      | Reached XP level 3. HP: 27/31 MP: 2/2
   400 | D:1      | Reached ** piety under Trog
   907 | D:2      | Found a blossoming altar of Fedhas.
  1346 | D:3      | Reached XP level 4. HP: 36/39 MP: 3/3
  1350 | D:3      | Found a shattered altar of Ashenzari.
  1351 | D:3      | Found a glowing silver altar of Zin.
  1352 | D:3      | Found an opulent altar of Gozag.
  1370 | D:3      | Reached skill level 6 in Axes
  1892 | D:4      | HP: 1/39 [iguana (1)]
  1893 | D:4      | Mangled by an iguana

Skill      XL: |  1  2  3  4 |
---------------+-------------+-----
Axes           | 4 5 6 |  6.7
Fighting       | |  3.6
Armour         | |  2.4
Dodging        | |  2.1

Action                   |  1- 3 |  4- 6 || total
-------------------------+-------+-------++-------
Melee: Hand axe          |    86 |    25 ||   111
       Headbutt          |    10 |     7 ||    17
Invok: Burn Spellbooks   |     1 |     1 ||     2
       Berserk           |     1 |       ||     1
  Use: Scroll            |     4 |     2 ||     6
       Potion            |       |     2 ||     2
 Stab: Distracted        |     1 |       ||     1
       Sleeping          |     1 |       ||     1
  Eat: Chunk             |     2 |     2 ||     4
Armor: Animal skin       |     7 |       ||     7
       Ring mail         |    10 |     2 ||    12
Dodge: Dodged            |    45 |    12 ||    57
